 Dungeon Sprint DCSS version 0.29-a0-284-gf9362112df (webtiles) character file.

Game seed: 11055486374849569906

40436 horus123 the Conqueror (level 13, -1/206 HPs)
             Began as a Minotaur Fighter on Mar 17, 2022.
             Was the Champion of Jiyva.
             Killed from afar by a salamander tyrant (15 damage)
             ... with a flame surge
             ... in the Dungeon (Sprint V: "Ziggurat Sprint").
             The game lasted 00:21:59 (920 turns).

horus123 the Conqueror (Minotaur Fighter)            Turns: 920, Time: 00:21:59

Health: -1/206     AC: 32    Str: 46    XL:     13   Next: 74%
Magic:  12/12      EV:  3    Int: 10    God:    Jiyva [******]
Gold:   0          SH: 31    Dex: 16    Spells: 12/12 levels left

rFire   + + .      SeeInvis +   c - +8 autumn katana {vorpal, manifold assault}
rCold   . . .      Faith    .   G - +18 shield of the Gong {rElec rN+ Will+ EV-5}
rNeg    + . .      Spirit   .   F - +15 Maxwell's patent armour {-Cast -Tele rElec Will+ rCorr}
rPois   .          Reflect  .   (helmet restricted)
rElec   +          Harm     .   (no cloak)
rCorr   +          Rampage  .   x - +1 pair of gloves {Str+3}
Will    +++..      NoTele   +   R - +2 pair of boots "Giraniss" {Int+3}
Stlth   .......... NoCast   +   i - amulet "Athea" {RegenMP rF+ rCorr Str+7 Dex+3}
HPRegen 2.04/turn               v - ring of Disaster {Will+ Str+6}
MPRegen 1.03/turn               o - ring "Lovi" {rF+ Str+5 Int+2 Dex+2 SInv}

@: weakened
A: horns 2, retaliatory headbutt, robust 3, eyeballs 3, pseudopods 1,
translucent skin 3, MP-powered wands
a: Renounce Religion, Oozemancy, Slimify


You were in the Dungeon.
You worshipped Jiyva.
Jiyva was exalted by your worship.
You visited 1 branch

Inventory:

Hand Weapons
 a - a +0 war axe
 c - the +8 autumn katana (weapon) {vorpal, manifold assault}
   (You found it in the Dungeon)

   It sometimes launches melee attacks against multiple visible enemies.
 E - the +14 obsidian axe {vorpal, Mesm Drain Fly SInv}
   (You found it in the Dungeon)

   It inflicts extra damage upon your enemies.
   It occasionally summons demons to assist the wielder when it strikes in
   combat.
   Its wielder is mesmerised by any visible foes.
   It cannot be unequipped while any foes are visible.
   SInv:      It lets you see invisible.
   Fly:       It grants you flight.
   Drain:     It drains your maximum health when unequipped.
 H - the +8 demon blade "Leech" {vamp, Harm Drain rN+}
   (You found it in the Dungeon)

   It heals its wielder for a portion of the damage dealt every time it strikes
   a living foe.
   rN:        It protects you from negative energy.
   Drain:     It drains your maximum health when unequipped.
   Harm:      It increases damage dealt and taken.
 O - a +6 triple crossbow of flaming
Armour
 x - a +1 pair of gloves of strength (worn)
 F - the +15 Maxwell's patent armour (worn) {-Cast -Tele rElec Will+ rCorr}
   (You found it in the Dungeon)

   rElec:     It insulates you from electricity.
   -Cast:     It prevents spellcasting.
   -Tele:     It prevents most forms of teleportation.
   rCorr:     It protects you from acid and corrosion.
   Will:      It increases your willpower.
 G - the +18 shield of the Gong (worn) {rElec rN+ Will+ EV-5}
   (You found it in the Dungeon)

   It is deafeningly noisy when blocking attacks.
   EV:        It affects your evasion (-5).
   rElec:     It insulates you from electricity.
   rN:        It protects you from negative energy.
   Will:      It increases your willpower.
 R - the +2 pair of boots "Giraniss" (worn) {Int+3}
   (You acquired it in the Dungeon)

   Int:       It affects your intelligence (+3).
Jewellery
 i - the amulet "Athea" (around neck) {RegenMP rF+ rCorr Str+7 Dex+3}
   (You found it in the Dungeon)

   [amulet of magic regeneration]

   It increases your rate of magic regeneration.
   Str:       It affects your strength (+7).
   Dex:       It affects your dexterity (+3).
   rF:        It protects you from fire.
   rCorr:     It protects you from acid and corrosion.
 o - the ring "Lovi" (right hand) {rF+ Str+5 Int+2 Dex+2 SInv}
   (You found it in the Dungeon)

   [ring of see invisible]

   Str:       It affects your strength (+5).
   Int:       It affects your intelligence (+2).
   Dex:       It affects your dexterity (+2).
   rF:        It protects you from fire.
   SInv:      It lets you see invisible.
 v - the ring of Disaster (left hand) {Will+ Str+6}
   (You found it in the Dungeon)

   [ring of strength]

   Str:       It affects your strength (+6).
   Will:      It increases your willpower.
 M - a ring of protection from cold
 N - the amulet "Kefoe" {Spirit SInv}
   (You found it in the Dungeon)

   [amulet of guardian spirit]

   It causes incoming damage to be divided between your reserves of health and
   magic.
   SInv:      It lets you see invisible.
 P - a ring of protection from cold
 S - the ring "Qetiops" {rPois rC++}
   (You found it in the Dungeon)

   [ring of poison resistance]

   rC:        It greatly protects you from cold.
   rPois:     It protects you from poison.
 T - a +4 ring of protection
 U - a ring of wizardry
 V - an amulet of magic regeneration
 W - the ring of the Disturbing Deaths {rPois Str+2 SInv}
   (You found it in the Dungeon)

   [ring of poison resistance]

   Str:       It affects your strength (+2).
   rPois:     It protects you from poison.
   SInv:      It lets you see invisible.
Wands
 B - a wand of mindburst (7)
 C - a wand of iceblast (7)
 D - a wand of acid (7)
 X - a wand of charming (7)
 Z - a wand of flame (4)
Scrolls
 j - 4 scrolls of blinking
 p - 7 scrolls of fog
 q - a scroll of holy word
 r - 5 scrolls of identify
 s - 2 scrolls of fear
 w - 4 scrolls of enchant armour
Potions
 b - 2 potions of brilliance
 d - 4 potions of might
 e - 10 potions of curing
 f - 9 potions of heal wounds
 g - 6 potions of haste
 h - 7 potions of magic
 l - 2 potions of invisibility
 m - 4 potions of resistance
 Y - a potion of mutation {unknown}
Miscellaneous
 k - a phantom mirror
 n - a condenser vane
 t - a tin of tremorstones (2/2)
 A - a lightning rod (4/4)
 I - a phial of floods
 J - a box of beasts
 Q - a piece from Xom's chessboard (15/15)


   Skills:
 O Level 27 Fighting
 - Level 15.3 Long Blades
 - Level 20.3 Axes
 + Level 19.2 Crossbows
 - Level 14.3 Armour
 - Level 13.2 Shields


You had 12 spell levels left.
You didn't know any spells.
Your spell library contained the following spells:

 Spells                   Type           Power      Damage    Failure   Level
 Magic Dart               Conj           0%         1d3       93%         1
 Sting                    Tmut/Pois      0%         1d3       93%         1
 Call Imp                 Summ           0%         N/A       98%         2
 Corpse Rot               Necr/Air       0%         N/A       98%         2
 Ensorcelled Hibernation  Hex/Ice        0%         N/A       98%         2
 Poisonous Vapours        Pois/Air       0%         N/A       98%         2
 Call Canine Familiar     Summ           0%         N/A       100%        3
 Conjure Flame            Conj/Fire      0%         6-21      100%        3
 Ignite Poison            Fire/Tmut/Pois 0%         N/A       100%        3
 Inner Flame              Hex/Fire       0%         N/A       100%        3
 Mephitic Cloud           Conj/Pois/Air  0%         N/A       100%        3
 Portal Projectile        Hex/Tloc       0%         N/A       100%        3
 Spider Form              Tmut/Pois      0%         N/A       100%        3
 Stone Arrow              Conj/Erth      0%         3d7       100%        3
 Anguish                  Hex/Necr       0%         N/A       100%        4
 Animate Armour           Summ/Erth      0%         N/A       100%        4
 Dispel Undead            Necr           0%         3d6       100%        4
 Flame Wave               Conj/Fire      0%         2d4       100%        4
 Leda's Liquefaction      Hex/Erth       0%         N/A       100%        4
 Olgreb's Toxic Radiance  Pois           0%         N/A       100%        4
 Sticky Flame             Conj/Fire      0%         2d3       100%        4
 Alistair's Intoxication  Tmut/Pois      0%         N/A       100%        5
 Blade Hands              Tmut           0%         N/A       100%        5
 Irradiate                Conj/Tmut      0%         3d13      100%        5
 Summon Forest            Summ/Tloc      0%         N/A       100%        5
 Summon Mana Viper        Hex/Summ       0%         N/A       100%        5
 Death Channel            Necr           0%         N/A       100%        6
 Dispersal                Tloc           0%         N/A       100%        6
 Eringya's Noxious Bog    Tmut/Pois      0%         N/A       100%        6
 Summon Cactus Giant      Summ           0%         N/A       100%        6
 Dragon Form              Tmut           0%         N/A       100%        7
 Disjunction              Tloc           0%         N/A       100%        8
 Chain Lightning          Conj/Air       0%         N/A       100%        9
 Death's Door             Necr           0%         N/A       100%        9
 Dragon's Call            Summ           0%         N/A       100%        9
 Fire Storm               Conj/Fire      0%         5d1       100%        9
 Shatter                  Erth           0%         3d5*      100%        9


Dungeon Overview and Level Annotations

Branches:
Dungeon (1/1)

Altars:
Ashenzari
Cheibriados
Dithmenos
Elyvilon
Fedhas
Gozag
Hepliaklqana
Kikubaaqudgha
Makhleb
Nemelex Xobeh
Okawaru
Qazlal
Ru
Sif Muna
Trog
Uskayaw
Vehumet
Wu Jian
Xom
Yredelemnul
Zin
The Shining One
Beogh
Jiyva
Lugonu


Innate Abilities, Weirdness & Mutations

You have a pair of horns on your head.
You reflexively headbutt those who attack you in melee.
You are extremely robust. (+30% HP)
Your body is covered in eyes which may confuse attackers. (Acc +7, SInv)
Armour fits poorly on your pseudopods.
Your transparent skin significantly reduces your foes' accuracy. (Stealth+)
You expend magic power (3 MP) to strengthen your wands.


Message History

* * * LOW HITPOINT WARNING * * *
Unknown command.
Unknown command.
You cannot blink because you are wearing the +15 Maxwell's patent armour {-Cast -Tele rElec Will+ rCorr}.
Unknown command.
The salamander tyrant calls gouts of flame from the lava!
The flame surge hits you. You resist.
* * * LOW HITPOINT WARNING * * *
The flame surge hits your rockslime.
Your rockslime resists.
The salamander tyrant calls gouts of flame from the lava!
The flame surge hits you. You resist.
* * * LOW HITPOINT WARNING * * *
The flame surge hits your rockslime.
Your rockslime resists.
The salamander tyrant rends the earth beneath you!
The blast of magma engulfs you!! You partially resist.
* * * LOW HITPOINT WARNING * * *
The salamander tyrant gazes fiercely through you!
You feel as though you will be weak longer.
The salamander tyrant gazes fiercely through you!
You feel as though you will be weak longer.
The salamander tyrant calls gouts of flame from the lava!
The flame surge hits you. You resist.
* * * LOW HITPOINT WARNING * * *
The flame surge hits your rockslime.
Your rockslime completely resists.
The fire giant casts a spell at you.
The fireball explodes!
The fireball engulfs you! You resist.
* * * LOW HITPOINT WARNING * * *
The balrug gestures at you.
The fireball explodes!
The fireball engulfs you! You resist.
* * * LOW HITPOINT WARNING * * *
The hell hog breathes fire at you.
The fireball explodes!
The fireball engulfs you but does no damage.
You resist.
The salamander tyrant calls gouts of flame from the lava!
The flame surge hits you! You resist.
You die...

.....8▓
..[||NnCC:|))..▓....|)[.|
....._▓
..1.NCC.NL.NN..▓.........
.....8▓
....C..2h...L..▓.........
....._▓
....h.CJCnhN...▓........[
.....8▓
...............▓.........
....._▓
......≈≈≈......▓........)
.....8▓
......≈.≈≈.....▓..▓......
....._▓
......≈≈.≈.....▓.▓▓▓.....
.....8▓
...▓....@≈.▓...▓..▓......
....._▓ . ▓▓.....▓▓
.▓......... _8_8_8▓
...▓.......▓...▓......©..
▓▓▓▓▓▓▓
...............▓▓▓▓▓▓▓▓▓▓
.......©.......▓.....8©8.
▓▓▓▓▓▓▓▓▓▓▓▓▓▓▓▓..[)}[[:)
▓..=}[|![: ▓.........
▓.........


You could see a searing wretch, an ancient lich, a Brimstone Fiend, 5 fire
giants, a stoker, a balrug, 5 salamander tyrants, 3 hell hogs and a friendly
rockslime (summoned).

Vanquished Creatures
  Saint Roka (D)
  A pearl dragon (D)
  Gastronok (D)
  Polyphemus (D)
  Agnes (D)
  A nagaraja (D)
  A frost giant (D)
  2 narguns (D)
  An angel (D)
  2 vampire knights (D)
  A spark wasp (D)
  A wendigo (D)
  2 naga warriors (D)
  Erica (D)
  4 anacondas (D)
  A hell hog (D)
  2 cherubim (D)
  A necromancer (D)
  A wolf spider (D)
  A cyclops (D)
  3 guardian serpents (D)
  2 naga magi (D)
  4 black mambas (D)
  2 freezing wraiths (D)
  An efreet (D)
  4 wind drakes (D)
  A tormentor (D)
  2 komodo dragons (D)
  A merfolk (D)
  5 hornets (D)
  A blink frog (D)
  4 air elementals (D)
  A jumping spider (D)
  3 spriggans (D)
  3 shadows (D)
  A culicivora (D)
  A vampire (D)
  A basilisk (D)
  2 fire elementals (D)
  A naga (D)
  A hell hound (D)
  2 water moccasins (D)
  2 black bears (D)
  2 wolves (D)
  A necrophage (D)
  A bullfrog (D)
  3 scorpions (D)
  Crazy Yiuf (D)
  An orc wizard (D)
  A mummy (D)
  9 adders (D)
  2 adder zombies (D)
  An adder skeleton (D)
  An adder simulacrum (D)
  2 orcs (D)
  3 ball pythons (D)
  A ball python simulacrum (D)
  3 bat simulacra (D)
  A giant cockroach simulacrum (D)
108 creatures vanquished.

Vanquished Creatures (collateral kills)
  An Ice Fiend (D)
  A lich (D)
  Erolcha (D)
  A vampire mage (D)
  An orb spider (D)
  2 necromancers (D)
  A guardian serpent (D)
  A black mamba (D)
  A cane toad (D)
  A torpor snail (D)
  A hornet (D)
  3 wind drakes (D)
  Grinder (D)
  A tarantella (D)
  A blink frog (D)
  2 air elementals (D)
  3 spriggans (D)
  A yak (D)
  Grum (D)
  A redback (D)
  2 water moccasins (D)
  A centaur (D)
  A bullfrog (D)
  A wight (D)
  Dowan (D)
  Terence (D)
  A bat zombie (D)
  A ball python (D)
  A ball python skeleton (D)
  A ball python zombie (D)
  2 giant cockroach simulacra (D)
  A fire vortex (D)
40 creatures vanquished.

Vanquished Creatures (others)
  A centaur (D)
  5 jellies (D)
  An adder (D)
  A ball python (D)
  An endoplasm (D)
  A giant cockroach simulacrum (D)
10 creatures vanquished.

Grand Total: 158 creatures vanquished

Notes
Turn   | Place    | Note
-------+----------+-------------------------------------------
     0 | D        | horus123 the Minotaur Fighter began the quest for the Orb.
     0 | D        | Reached XP level 1. HP: 19/19 MP: 0/0
    13 | D        | Found a blossoming altar of Fedhas.
    13 | D        | Found the +6 Majin-Bo {vamp, MP+6 Int+6}
    13 | D        | Found the +9 heavy crossbow "Sniper" {vorpal, Acc+∞ SInv}
    13 | D        | Found the +10 dark maul {vorpal}
    13 | D        | Found the +15 Maxwell's patent armour {-Cast -Tele rElec
                  | Will+ rCorr}
    13 | D        | Found the +18 shield of the Gong {rElec rN+ Will+ EV-5}
    13 | D        | Found the +14 obsidian axe {vorpal, Mesm Drain Fly SInv}
    13 | D        | Found the +7 great mace "Firestarter" {inner flame, rF++}
    13 | D        | Found the +6 shillelagh "Devastator" {shatter}
    13 | D        | Found the +11 plutonium sword {Contam Stlth-}
    13 | D        | Found the +8 lance "Wyrmbane" {slay drac, rPois rF+ rC+
                  | AC+3}
    13 | D        | Found the +9 sword of Zonguldrok {reap}
    13 | D        | Found the +13 scythe of Curses {drain, Drain}
    13 | D        | Found the +5 sword of Power {vorpal}
    13 | D        | Found the +7 mace of Variability {chain chaos}
    13 | D        | Found the +7 Singing Sword {vorpal, sonic wave}
    13 | D        | Found the +8 storm bow {elec, penet}
    19 | D        | Found a shimmering blue altar of Sif Muna.
    19 | D        | Found a sacrificial altar of Ru.
    19 | D        | Found a bloodstained altar of Trog.
    19 | D        | Found a stormy altar of Qazlal.
    19 | D        | Found an iron altar of Okawaru.
    19 | D        | Found a sparkling altar of Nemelex Xobeh.
    21 | D        | Found a transporter.
    21 | D        | Found an ancient bone altar of Kikubaaqudgha.
    21 | D        | Found a viscous altar of Jiyva.
    21 | D        | Found a corrupted altar of Lugonu.
    21 | D        | Found a hazy altar of Hepliaklqana.
    21 | D        | Found a burning altar of Makhleb.
    21 | D        | Found an opulent altar of Gozag.
   115 | D        | Became a worshipper of Jiyva Jiony the Shapeless
   130 | D        | Entered arena 2.
   130 | D        | Noticed a spriggan
   130 | D        | Noticed a black bear
   130 | D        | Found a transporter.
   133 | D        | Killed a black bear
   134 | D        | Reached skill level 6 in Fighting
   134 | D        | Reached XP level 2. HP: 23/31 MP: 1/1
   134 | D        | Reached XP level 3. HP: 28/38 MP: 2/2
   134 | D        | Reached XP level 4. HP: 33/45 MP: 3/3
   134 | D        | Killed a spriggan
   135 | D        | Reached skill level 8 in Fighting
   135 | D        | Reached skill level 5 in Axes
   135 | D        | Reached XP level 5. HP: 39/53 MP: 4/4
   137 | D        | Reached skill level 13 in Fighting
   137 | D        | Reached XP level 6. HP: 54/72 MP: 5/5
   144 | D        | Entered arena 3.
   144 | D        | Found the +8 autumn katana {vorpal, manifold assault}
   144 | D        | Found a transporter.
   161 | D        | Entered arena 4.
   161 | D        | Noticed a tarantella
   161 | D        | Reached * piety under Jiyva
   161 | D        | Found a transporter.
   164 | D        | Reached XP level 7. HP: 67/79 MP: 6/6
   167 | D        | Killed a tarantella
   178 | D        | Entered arena 5.
   178 | D        | Found the +8 demon blade "Leech" {vamp, Harm Drain rN+}
   178 | D        | Found a transporter.
   196 | D        | Entered arena 6.
   196 | D        | Reached ** piety under Jiyva
   196 | D        | Found a transporter.
   200 | D        | Reached XP level 8. HP: 86/86 MP: 7/7
   216 | D        | Entered arena 7.
   216 | D        | Noticed a hell hog
   216 | D        | Noticed an efreet
   218 | D        | Found a transporter.
   221 | D        | Killed an efreet
   222 | D        | Killed a hell hog
   223 | D        | Reached XP level 9. HP: 64/93 MP: 8/8
   234 | D        | Got Sif Muna's Grimoire of the Igneous Entourage
   239 | D        | Entered arena 8.
   239 | D        | Noticed a shining eye
   240 | D        | Found a transporter.
   247 | D        | Got the amulet "Kefoe" {Spirit SInv}
   249 | D        | Got the ring of Afruqept {rN+ Will+ rCorr Int+4}
   261 | D        | Entered arena 9.
   261 | D        | Noticed a spriggan rider
   261 | D        | Noticed a spriggan rider
   261 | D        | Noticed a spriggan rider
   261 | D        | Reached *** piety under Jiyva
   261 | D        | Gained mutation: Your translucent skin slightly reduces
                  | your foes' accuracy. (Stealth+) [Jiyva's grace]
   261 | D        | Gained mutation: Your translucent skin reduces your foes'
                  | accuracy. (Stealth+) [Jiyva's grace]
   261 | D        | Gained mutation: Your transparent skin significantly
                  | reduces your foes' accuracy. (Stealth+) [Jiyva's grace]
   261 | D        | Gained mutation: You are agile. (Dex +2) [Jiyva's grace]
   262 | D        | Found a transporter.
   266 | D        | Killed a spriggan rider
   267 | D        | Killed a spriggan rider
   268 | D        | Reached XP level 10. HP: 92/101 MP: 9/9
   280 | D        | Entered arena 10.
   280 | D        | Noticed a cyclops
   281 | D        | Found a transporter.
   291 | D        | Killed a cyclops
   292 | D        | Reached skill level 10 in Shields
   307 | D        | Entered arena 11.
   307 | D        | Paralysed by an air elemental for 1 turns
   308 | D        | Found a transporter.
   314 | D        | Reached skill level 14 in Fighting
   319 | D        | Reached skill level 15 in Fighting
   333 | D        | Acquired the +2 pair of boots "Giraniss" {Int+3}
   341 | D        | Entered arena 12.
   341 | D        | Noticed a torpor snail
   341 | D        | Noticed a spark wasp
   341 | D        | Reached **** piety under Jiyva
   342 | D        | Noticed a wolf spider
   342 | D        | Noticed an orb spider
   343 | D        | Found a transporter.
   346 | D        | Reached skill level 16 in Fighting
   346 | D        | Reached XP level 11. HP: 114/114 MP: 8/10
   350 | D        | Killed a wolf spider
   351 | D        | Reached skill level 17 in Fighting
   351 | D        | Killed a spark wasp
   352 | D        | Reached skill level 18 in Fighting
   359 | D        | Killed an orb spider
   360 | D        | Reached skill level 19 in Fighting
   383 | D        | Got the ring "Qetiops" {rPois rC++}
   402 | D        | Entered arena 13.
   404 | D        | Found a transporter.
   412 | D        | Reached skill level 20 in Fighting
   415 | D        | Reached skill level 21 in Fighting
   430 | D        | Got the ring of the Disturbing Deaths {rPois Str+2 SInv}
   442 | D        | Entered arena 14.
   443 | D        | Noticed Terence
   443 | D        | Noticed Saint Roka
   443 | D        | Noticed Dowan
   443 | D        | Noticed Agnes
   443 | D        | Noticed Grum
   443 | D        | Noticed Crazy Yiuf
   443 | D        | Noticed Grinder
   443 | D        | Noticed Erica
   444 | D        | Noticed Polyphemus
   444 | D        | Noticed Erolcha
   444 | D        | Noticed Gastronok
   450 | D        | Killed Dowan
   451 | D        | Killed Terence
   452 | D        | Killed Agnes
   452 | D        | Killed Grum
   453 | D        | Reached skill level 22 in Fighting
   453 | D        | Found a transporter.
   454 | D        | Killed Grinder
   455 | D        | Killed Crazy Yiuf
   457 | D        | Killed Erica
   458 | D        | Killed Erolcha
   459 | D        | Reached skill level 23 in Fighting
   462 | D        | Killed Polyphemus
   463 | D        | Reached XP level 12. HP: 143/143 MP: 8/11
   472 | D        | Killed Saint Roka
   473 | D        | Reached skill level 24 in Fighting
   473 | D        | Killed Gastronok
   474 | D        | Reached skill level 25 in Fighting
   474 | D        | Reached ***** piety under Jiyva
   489 | D        | Got the Collected Works on Stones and Evil
   506 | D        | Acquired a manual of Crossbows
   509 | D        | Got the ring "Lovi" {rF+ Str+5 Int+2 Dex+2 SInv}
   521 | D        | Entered arena 15.
   522 | D        | Noticed a naga warrior
   522 | D        | Noticed a nagaraja
   523 | D        | Noticed an anaconda
   526 | D        | Killed a nagaraja
   527 | D        | Reached skill level 26 in Fighting
   527 | D        | Killed a naga warrior
   528 | D        | Killed an anaconda
   529 | D        | Reached skill level 27 in Fighting
   530 | D        | Found a transporter.
   543 | D        | Got the Grimoire of the Vanishing Olives
   548 | D        | Got the ring of Disaster {Will+ Str+6}
   558 | D        | Entered arena 16.
   558 | D        | Identified the ring of Compassion {Fire Str+3 Int+5}
   558 | D        | Noticed an angel
   558 | D        | Noticed a pearl dragon
   558 | D        | Lost mutation: You are agile. (Dex +2) [Jiyva's grace]
   558 | D        | Gained mutation: You expend magic power (3 MP) to
                  | strengthen your wands. [Jiyva's grace]
   558 | D        | Gained mutation: Your body has grown eyes which may confuse
                  | attackers. (Acc +3) [Jiyva's grace]
   558 | D        | Gained mutation: Your body has grown many eyes which may
                  | confuse attackers. (Acc +5) [Jiyva's grace]
   558 | D        | Gained mutation: Your body is covered in eyes which may
                  | confuse attackers. (Acc +7, SInv) [Jiyva's grace]
   565 | D        | Killed a pearl dragon
   569 | D        | Killed an angel
   570 | D        | Reached skill level 10 in Long Blades
   578 | D        | Found a transporter.
   639 | D        | Entered arena 17.
   642 | D        | Noticed a lich
   643 | D        | Noticed a vampire mage
   643 | D        | Identified the +7 fustibalus of the Distant Future {vorpal,
                  | rElec rF+ Will++ Stlth+}
   643 | D        | Noticed a vampire knight
   643 | D        | Noticed a vampire knight
   648 | D        | Found a transporter.
   650 | D        | Killed a vampire knight
   651 | D        | Reached XP level 13. HP: 107/159 MP: 7/12
   652 | D        | Killed a lich
   653 | D        | Reached skill level 15 in Long Blades
   658 | D        | Killed a vampire knight
   699 | D        | Got the Collected Works on Poisoning
   704 | D        | Entered arena 18.
   707 | D        | Noticed a nargun
   707 | D        | Noticed a wendigo
   708 | D        | Noticed a nargun
   708 | D        | Noticed an Ice Fiend
   708 | D        | Noticed a frost giant
   708 | D        | Paralysed by a wendigo for 1 turns
   710 | D        | Found a transporter.
   715 | D        | Reached skill level 10 in Crossbows
   716 | D        | Killed a nargun
   719 | D        | Killed a nargun
   720 | D        | Killed a frost giant
   721 | D        | Killed a wendigo
   722 | D        | Reached skill level 15 in Crossbows
   723 | D        | Killed an Ice Fiend
   787 | D        | Got the amulet "Athea" {RegenMP rF+ rCorr Str+7 Dex+3}
   814 | D        | Entered arena 19.
   819 | D        | Found a transporter.
   912 | D        | Entered arena 20.
   912 | D        | Gained mutation: You are robust. (+10% HP) [Jiyva's grace]
   912 | D        | Gained mutation: You are very robust. (+20% HP) [Jiyva's
                  | grace]
   912 | D        | Gained mutation: You are extremely robust. (+30% HP)
                  | [Jiyva's grace]
   912 | D        | Gained mutation: Armour fits poorly on your pseudopods.
                  | [Jiyva's grace]
   914 | D        | Reached ****** piety under Jiyva
   917 | D        | Noticed a Brimstone Fiend
   917 | D        | Noticed a fire giant
   917 | D        | Noticed a fire giant
   917 | D        | Noticed a searing wretch
   917 | D        | Noticed a fire giant
   917 | D        | Noticed a fire giant
   917 | D        | Noticed a fire giant
   917 | D        | Noticed a balrug
   918 | D        | Noticed an ancient lich
   918 | D        | Identified the ring "Anig" {rPois rF- Str+5 SInv}
   918 | D        | Noticed a fire giant
   918 | D        | Noticed a searing wretch
   918 | D        | Noticed a fire giant
   920 | D        | Killed from afar by a salamander tyrant

Illustrated notes

Levels and vault maps discovered:
D:        sprint_v [room_start, room_1, room_2, room_3, room_4, room_5, room_6,
          room_7, room_8, room_9, room_10, room_11, room_12, room_13, room_14,
          room_15, room_16, room_17, room_18, room_19, room_20, room_21,
          room_22, room_23, room_24, room_25, room_26, room_27]

Skill      XL: |  1  2  3  4  5  6  7  8  9 10 11 12 13 |
---------------+----------------------------------------+-----
Fighting       | 6 8 13 16 23 27 | 27.0
Axes           | 4 5 7 12 17 20 | 20.3
Armour         | 6 8 9 13 14 | 14.3
Shields        | 6 8 13 | 13.2
Long Blades    | 13 15 | 15.3
Crossbows      | 19 | 19.2

Action                   |  1- 3 |  4- 6 |  7- 9 | 10-12 | 13-15 || total
-------------------------+-------+-------+-------+-------+-------++-------
Melee: Broad axe         |     3 |     4 |    19 |    91 |    23 ||   140
       Headbutt          |       |       |     3 |    19 |     9 ||    31
       Katana            |       |       |       |       |    45 ||    45
Invok: Slimify           |       |       |       |       |     1 ||     1
  Use: Potion            |       |     1 |     1 |     4 |     1 ||     7
       Scroll            |       |       |       |     2 |       ||     2
 Stab: Confused          |       |       |       |       |     2 ||     2
Armor: Plate armour      |     5 |     2 |    21 |    70 |    37 ||   135
Dodge: Dodged            |       |     1 |       |     8 |     6 ||    15
Block: Kite shield       |     5 |     4 |    43 |   115 |    81 ||   248

Table legend: (Time is in decaauts)
 A = Elapsed time spent in this place.
 B = Non-inter-level travel time spent in this place.
 C = Inter-level travel time spent in this place.
 D = Time resting spent in this place.
 E = Time spent auto-exploring this place.
 F = Levels seen in this place.
 G = Mean time per level.
                   A        B        C        D        E       F      G
               +--------+--------+--------+--------+--------+-----+--------+
         Total |    924 |    924 |      0 |    135 |      4 |   1 |  924.0 |
       Dungeon |    924 |    924 |      0 |    135 |      4 |   1 |  924.0 |
               +--------+--------+--------+--------+--------+-----+--------+

Top non-repeatable levels by time:
       D: 924 daAuts
